 Dungeon Crawl Stone Soup version 0.28-a0-1518-gbe868bca14 (webtiles) character file.

Game seed: 6575100986256264977

9211 leviel the Cleaver (level 11, -2/97 HPs)
             Began as a Hill Orc Fighter on Jan 16, 2022.
             Was a High Priest of Okawaru.
             Slain by a vampire (7 damage)
             ... on level 11 of the Dungeon on Jan 17, 2022.
             The game lasted 00:22:24 (12075 turns).

leviel the Cleaver (Hill Orc Fighter)              Turns: 12075, Time: 00:22:25

Health: -2/97      AC: 15    Str: 22    XL:     11   Next: 42%
Magic:  17/17      EV: 10    Int: 10    God:    Okawaru [*****.]
Gold:   541        SH:  0    Dex: 12    Spells: 10/10 levels left

rFire   . . .      SeeInvis .   a - +1 broad axe (elec)
rCold   . . .      Faith    .   c - +0 buckler
rNeg    . . .      Spirit   .   d - +0 plate armour
rPois   .          Reflect  .   (no helmet)
rElec   .          Harm     .   k - +0 cloak
rCorr   +          Rampage  .   (no gloves)
Will    .....                   (no boots)
Stlth   ..........              (no amulet)
HPRegen 0.26/turn               j - ring of resist corrosion
MPRegen 0.15/turn               r - ring "Jigaadwu" {EV+4 Slay+2}

@: confused
A: clever 1
a: Renounce Religion, Heroism, Finesse, Duel


You were on level 11 of the Dungeon.
You worshipped Okawaru.
Okawaru was extremely pleased with you.
You visited 2 branches of the dungeon, and saw 12 of its levels.

You collected 673 gold pieces.
You spent 132 gold pieces at shops.

Inventory:

Hand Weapons
 a - a +1 broad axe of electrocution (weapon)
 n - a +1 war axe
Missiles
 m - a throwing net
 w - 11 curare-tipped darts
 x - 17 poisoned darts
 y - 4 atropa-tipped darts
 A - 10 javelins
Armour
 c - a +0 buckler (worn)
 d - a +0 plate armour (worn)
 f - a scarf of repulsion
 k - a +0 cloak (worn)
Jewellery
 e - a +4 ring of protection
 j - a ring of resist corrosion (left hand)
 p - a ring of protection from cold
 r - the ring "Jigaadwu" (right hand) {EV+4 Slay+2}
   (You took it off a kobold on level 3 of the Dungeon)

   [ring of evasion]

   EV:        It affects your evasion (+4).
   Slay:      It affects your accuracy & damage with ranged weapons and melee
   (+2).
Wands
 h - a wand of acid (10) (quivered)
Scrolls
 b - a scroll of silence
 g - 2 scrolls of identify {@r1}
 q - 5 scrolls of teleportation
 s - a scroll of holy word
 t - a scroll of fear
 v - a scroll of torment
 B - 2 scrolls of immolation
Potions
 i - 2 potions of flight
 o - a potion of magic
 u - a potion of attraction


   Skills:
 + Level 9.4 Fighting
 * Level 13.4 Axes
 + Level 2.2 Throwing
 + Level 8.6 Armour
 + Level 0.3 Dodging
 + Level 8.7 Shields
 + Level 8.1 Invocations


You had 10 spell levels left.
You didn't know any spells.
Your spell library contained the following spells:

 Spells                   Type           Power      Damage    Failure   Level
 Sandblast                Erth           0%         2d4       100%        1
 Slow                     Hex            0%         N/A       100%        1
 Blink                    Tloc           0%         N/A       100%        2
 Passwall                 Tmut/Erth      0%         N/A       100%        2
 Confusing Touch          Hex            0%         N/A       100%        3
 Stone Arrow              Conj/Erth      0%         3d7       100%        3
 Vampiric Draining        Necr           0%         2d6       100%        3
 Blade Hands              Tmut           0%         N/A       100%        5
 Irradiate                Conj/Tmut      0%         3d13      100%        5
 Manifold Assault         Tloc           0%         N/A       100%        5
 Dragon Form              Tmut           0%         N/A       100%        7
 Storm Form               Tmut/Air       0%         N/A       100%        7


Dungeon Overview and Level Annotations

Branches:
Dungeon (11/15)            Temple (1/1) D:4            Lair (0/6) D:10
    Orc (0/2) D:10

Altars:
Ashenzari
Cheibriados
Dithmenos
Elyvilon
Fedhas
Gozag
Hepliaklqana
Kikubaaqudgha
Makhleb
Nemelex Xobeh
Okawaru
Qazlal
Ru
Sif Muna
Trog
Uskayaw
Vehumet
Wu Jian
Xom
Yredelemnul
Zin
The Shining One
Jiyva

Shops:
D:5 *   D:6 [   D:7 *


Innate Abilities, Weirdness & Mutations

Your mind is acute. (Int +2)


Message History

Something draws strength from your injuries!
Things that are here:
a +0 short sword; a vampire mosquito corpse Something hits you but does no damage.
Something bites you but does no damage.
Things that are here:
a +0 dagger; a +0 robe; an orc corpse You closely miss something.
Something hits you. You block something's attack.
You hit something. Lightning courses through something! Something hits you!
* * * LOW HITPOINT WARNING * * *
Something bites you but does no damage.
You closely miss something. Something hits you but does no damage.
Something bites you!
* * * LOW HITPOINT WARNING * * *
Something draws strength from your injuries!
You closely miss something. You hit something but do no damage.
Lightning courses through something! Something hits you but does no damage.
Something bites you.
* * * LOW HITPOINT WARNING * * *
Something draws strength from your injuries!
You barely miss something. You block something's attack.
Something bites you but does no damage.
Okay, then.
Something hits you.
* * * LOW HITPOINT WARNING * * *
Something bites you.
* * * LOW HITPOINT WARNING * * *
Something draws strength from your injuries!
You can't see any enemies this would affect, really read the scroll of fear? [Y]es or [N]o only, please.
You can't see any enemies this would affect, really read the scroll of fear?
As you read the scroll of fear, it crumbles to dust.
You assume a fearsome visage.
Nothing appears to happen.
Something hits you.
* * * LOW HITPOINT WARNING * * *
Something bites you.
* * * LOW HITPOINT WARNING * * *
Something draws strength from your injuries!
You hear some strange, mumbled words.
You are confused.
Something hits you but does no damage. Something bites you!
You die...

#.......####
##.#####....#####
#..###..........#
#.###............
########.# #............
........## ##...........
.........# #...........
.........## #...........
.......@..# #...........
...........####..........
............# #........##
............# ##......###
............## ######## #
.............#
.............#
.....)>.)....##
........).)...#


There were no monsters in sight!

Vanquished Creatures
  2 two-headed ogres
  Urug (D:10)
  2 manticores
  Maurice (D:8)
  The ghost of innerfire433 the Chucker, a novice DsCK of Xom (D:5)
  2 slime creatures (D:10)
  A vampire (D:9)
  5 yaks
  2 wyverns
  4 vampire mosquitoes (D:11)
  The ghost of anonymouscript the Covert, an amateur SpDe (D:10)
  A water moccasin (D:7)
  3 orc warriors
  A necrophage (D:6)
  A hornet zombie (D:7)
  4 ogres
  4 centaurs
  3 kobold brigands
  5 bullfrogs
  2 gnoll sergeants (D:8)
  4 scorpions
  A wyvern skeleton (D:6)
  9 killer bees (D:10)
  3 wights (D:4)
  3 howler monkeys (D:8)
  A bullfrog zombie (D:6)
  3 centaur zombies
  2 hounds (D:5)
  7 jellies
  6 orc priests
  5 iguanas
  5 orc wizards
  A killer bee zombie (D:7)
  8 adders
  A howler monkey skeleton (D:6)
  10 gnolls
  A shadow imp (D:5)
  5 white imps
  An ufetubus (D:4)
  4 adder skeletons
  A dart slug (D:1)
  2 worms
  32 orcs
  8 ball pythons
  6 endoplasms
  A giant cockroach (D:1)
  4 goblins
  14 hobgoblins
  11 jackals
  2 quokkas
  5 bats
  A frilled lizard (D:2)
  21 kobolds
  6 rats
240 creatures vanquished.

Vanquished Creatures (others)
  A kobold (D:5)
1 creature vanquished.

Grand Total: 241 creatures vanquished

Notes
Turn   | Place    | Note
-------+----------+-------------------------------------------
     0 | D:1      | leviel the Hill Orc Fighter began the quest for the Orb.
     0 | D:1      | Reached XP level 1. HP: 19/19 MP: 1/1
   214 | D:1      | Reached skill level 3 in Axes
   214 | D:1      | Reached XP level 2. HP: 17/27 MP: 2/2
   546 | D:1      | Reached XP level 3. HP: 33/33 MP: 3/3
  1186 | D:2      | Found a shimmering blue altar of Sif Muna.
  1493 | D:2      | Reached XP level 4. HP: 40/40 MP: 4/4
  1912 | D:2      | Found a faded altar of an unknown god.
  2472 | D:3      | Reached skill level 4 in Axes
  2670 | D:3      | Identified the ring "Jigaadwu" {EV+4 Slay+2}
  3127 | D:3      | Reached XP level 5. HP: 31/47 MP: 5/5
  3364 | D:4      | Reached skill level 5 in Axes
  3453 | D:4      | Reached XP level 6. HP: 49/55 MP: 6/6
  3514 | D:4      | Found a staircase to the Ecumenical Temple.
  3523 | Temple   | Entered the Ecumenical Temple
  3558 | Temple   | Became a worshipper of Warmaster Okawaru
  3630 | D:4      | Found a snail-covered altar of Cheibriados.
  3935 | D:4      | Reached skill level 5 in Fighting
  4047 | D:4      | Gained mutation: Your mind is acute. (Int +2) [potion of
                  | mutation]
  4058 | D:4      | Reached skill level 6 in Axes
  4528 | D:4      | Found a broken altar of Ashenzari.
  4831 | D:5      | Entered Level 5 of the Dungeon
  4835 | D:5      | Found Veik's General Store.
  4841 | D:5      | Reached XP level 7. HP: 58/61 MP: 7/7
  4862 | D:5      | Bought a +0 broad axe of electrocution for 132 gold pieces
  5030 | D:5      | Reached * piety under Okawaru
  5035 | D:5      | Reached skill level 5 in Armour
  5035 | D:5      | Reached skill level 5 in Shields
  5105 | D:5      | Found a blossoming altar of Fedhas.
  5106 | D:5      | Found an ornate altar of the Wu Jian Council.
  5108 | D:5      | Found a white marble altar of Elyvilon.
  5163 | D:5      | Reached skill level 7 in Axes
  5447 | D:5      | Found a runed translucent gate.
  5448 | D:5      | Found a runed translucent gate.
  5452 | D:5      | Found a runed translucent gate.
  5452 | D:5      | Noticed innerfire433's ghost (novice DsCK)
  5509 | D:5      | Reached skill level 1 in Invocations
  5595 | D:5      | Found a hazy altar of Hepliaklqana.
  5759 | D:5      | Reached XP level 8. HP: 70/70 MP: 7/9
  5973 | D:5      | Killed innerfire433's ghost
  5973 | D:5      | Reached ** piety under Okawaru
  5974 | D:5      | Reached skill level 8 in Axes
  6480 | D:6      | Reached skill level 9 in Axes
  6506 | D:6      | Found Opsoa's Antique Armour Shoppe.
  6567 | D:6      | Reached XP level 9. HP: 76/78 MP: 11/11
  6629 | D:6      | Found a hide-covered altar of Uskayaw.
  6971 | D:7      | Reached *** piety under Okawaru
  7105 | D:7      | Reached skill level 10 in Axes
  7124 | D:7      | Found Jazes's Overcharged Wands.
  7210 | D:7      | You fall into a shaft and drop 3 floors!
  7210 | D:10     | Entered Level 10 of the Dungeon
  7421 | D:10     | Reached skill level 5 in Invocations
  7496 | D:10     | Found a runed translucent gate.
  7496 | D:10     | Found a runed translucent gate.
  7498 | D:10     | Found a runed translucent gate.
  7499 | D:10     | Noticed anonymouscript's ghost (amateur SpDe)
  7510 | D:10     | Found a staircase to the Orcish Mines.
  7853 | D:10     | Noticed Urug
  7920 | D:8      | Reached **** piety under Okawaru
  7921 | D:8      | Reached skill level 11 in Axes
  7922 | D:8      | Reached XP level 10. HP: 25/88 MP: 12/14
  8191 | D:8      | Noticed Maurice
  8203 | D:8      | Killed Maurice
  9102 | D:7      | Reached skill level 12 in Axes
  9388 | D:7      | Noticed a two-headed ogre
  9396 | D:7      | Killed a two-headed ogre
  9396 | D:7      | Received a gift from Okawaru
  9651 | D:7      | Noticed a manticore
  9659 | D:7      | Killed a manticore
  9659 | D:7      | Reached ***** piety under Okawaru
 10454 | D:9      | Noticed a manticore
 10463 | D:9      | Killed a manticore
 10464 | D:9      | Reached skill level 1 in Throwing
 10464 | D:9      | Reached XP level 11. HP: 57/97 MP: 16/16
 10880 | D:10     | Killed Urug
 10881 | D:10     | Reached skill level 13 in Axes
 11112 | D:10     | Found a staircase to the Lair.
 11114 | D:10     | Noticed a two-headed ogre
 11121 | D:10     | Killed a two-headed ogre
 11369 | D:10     | Found a viscous altar of Jiyva.
 11399 | D:10     | Killed anonymouscript's ghost
 12066 | D:11     | HP: 3/97 [something (3)]
 12075 | D:11     | Slain by a vampire

Illustrated notes

Levels and vault maps discovered:
D:1:      psy_arrival_statuary, layout_loops_corners
D:2:      mumra_celtic_spiral_tile, layout_basic, basic_altar,
          chequers_ecumenical_altar_lobes, kennysheep_pointless_box
D:3:      layout_loops_ring, grunt_ministairs_15
D:4:      layout_basic, nicolae_ashenzari_panopticon, chei_slow_surprise,
          minmay_temple_entry_glass, serial_curves, eino_curves_01,
          eino_curves_02, minivault_23, kennysheep_generic_room_8
D:5:      layout_basic, minitemple, general_overflow_altar,
          gammafunk_ghost_nasty_kobolds, serial_shops, shop
D:6:      layout_rooms, old_standard_altar, serial_shops,
          nicolae_shop_behind_doors
D:7:      layout_basic, serial_rivers, chequers_serial_rivers_small_a,
          chequers_serial_rivers_micro_d, chequers_serial_rivers_large_a,
          chequers_serial_rivers_micro_b, chequers_serial_rivers_micro_c,
          nicolae_shop_overcharged_wands
D:8:      layout_loops_cross, uniq_maurice
D:9:      layout_irregular_city, grunt_ministairs_8
D:10:     layout_loops_ring, lair_entry_dummy, orc_0_dummy,
          gammafunk_ghost_ooze, kennysheep_small_circle, uniq_urug
D:11:     minmay_weird_star, layout_cave_pods, uniq_psyche
Temple:   minmay_freezing_vapour_temple

Skill      XL: |  1  2  3  4  5  6  7  8  9 10 11 |
---------------+----------------------------------+-----
Axes           | 3 4 5 6 7 9 11 12 13 | 13.4
Fighting       | 4 5 6 7 9 |  9.4
Armour         | 4 5 6 7 8 |  8.6
Shields        | 4 5 6 7 8 |  8.7
Invocations    | 1 3 5 7 8 |  8.1
Throwing       | 1 2 |  2.2
Dodging        | |  0.3

Action                   |  1- 3 |  4- 6 |  7- 9 | 10-12 || total
-------------------------+-------+-------+-------+-------++-------
Melee: War axe           |   122 |   191 |     6 |       ||   319
       Broad axe         |       |       |   190 |   201 ||   391
Invok: Heroism           |       |       |     2 |     1 ||     3
Evoke: Wand              |       |       |     3 |       ||     3
  Use: Scroll            |     5 |     6 |     5 |     8 ||    24
       Potion            |       |     2 |     4 |     2 ||     8
 Stab: Invisible         |       |     2 |     4 |       ||     6
Armor: Scale mail        |    25 |       |       |       ||    25
       Chain mail        |    58 |   104 |   104 |    68 ||   334
       Plate armour      |       |       |       |    18 ||    18
Dodge: Dodged            |    49 |    73 |   127 |    84 ||   333
Block: Buckler           |    12 |    55 |    54 |    53 ||   174

Table legend: (Time is in decaauts)
 A = Elapsed time spent in this place.
 B = Non-inter-level travel time spent in this place.
 C = Inter-level travel time spent in this place.
 D = Time resting spent in this place.
 E = Time spent auto-exploring this place.
 F = Levels seen in this place.
 G = Mean time per level.
                   A        B        C        D        E       F      G
               +--------+--------+--------+--------+--------+-----+--------+
         Total |  12189 |  11567 |    622 |   1870 |   7659 |  12 | 1015.8 |
       Dungeon |  12148 |  11526 |    622 |   1870 |   7649 |  11 | 1104.4 |
        Temple |     40 |     40 |      0 |      0 |     10 |   1 |   40.0 |
               +--------+--------+--------+--------+--------+-----+--------+

Top non-repeatable levels by time:
    D:10: 1591 daAuts
     D:5: 1528 daAuts
     D:4: 1524 daAuts
     D:8: 1255 daAuts
     D:1: 1213 daAuts
     D:2: 1209 daAuts
     D:7: 1111 daAuts
     D:3: 939 daAuts
     D:9: 885 daAuts
     D:6: 730 daAuts
    D:11: 159 daAuts
  Temple: 40 daAuts
